Map: Abiogenesis LE

Players

PhyNix

  • Race: Terran Terran
  • League: Diamond
  • Spawn Location: 5:00

Nuks - Winner!

  • Race: Terran Terran
  • League: Master
  • Spawn Location: 11:00

VOD

Have the link to the VOD?

Description

Time

  • Played on: Feb. 2, 2018, 8:53 a.m.
  • Length: 11:37
Show
View Real Time Build Order
Export as new Build Order

PhyNix Terran 

Build Orders: Cyclone Opening 

Get SALT Encoding   

  12  0:00  SCV  
  13  0:12  SCV  
  14  0:17  Supply Depot  
  14  0:25  SCV  
  14  0:28  Refinery  
  15  0:38  SCV  
  16  0:45  Barracks  
  16  0:50  SCV  
  16  0:56  Refinery  
  17  1:03  SCV  
  18  1:15  SCV  
  19  1:35  Barracks Reactor  
  19  1:36  Orbital Command  
  19  1:42  Supply Depot  
  19  2:01  SCV  
  19  2:05  Factory  
  20  2:12  Reaper x2  
  20  2:15  SCV  
  22  2:27  SCV  
  23  2:39  SCV  
  24  2:44  Reaper x2  
  25  2:56  Cyclone  
  25  2:58  Supply Depot  
  28  2:59  SCV  
  29  3:13  SCV  
  29  3:16  Reaper  
  32  3:20  Reaper  
  32  3:26  SCV  
  33  3:28  Supply Depot  
  33  3:29  Cyclone  
  36  3:38  SCV  
  37  3:51  Supply Depot  
  37  3:59  SCV  
  38  4:09  Cyclone  
  44  4:10  Cyclone  
  44  4:12  Starport  
  44  4:16  Command Center  
  32  4:46  Cyclone x2  
  38  4:58  Supply Depot  
  38  4:59  Liberator  
  38  5:02  Barracks  
  38  5:04  Barracks  
  38  5:05  Barracks Tech Lab  
  38  5:18  Hellion x2  
  45  5:31  SCV  
  46  5:39  Hellion x2  
  46  5:40  Stimpack  
  30  6:12  Cyclone x2  
  28  6:25  Marine x2  
  28  6:26  Marine  
  26  6:39  Orbital Command  
  25  6:43  Marine  
  14  7:07  Marine x2  
  14  7:08  Marine  
  17  7:29  Marine x2  
  19  7:36  Marine x2  
  21  7:38  SCV  
  21  7:39  SCV  
  23  7:46  Marine  
  23  7:47  Marine  
  23  7:50  SCV  
  26  7:54  SCV  
  27  8:03  SCV  
  28  8:07  Factory Tech Lab  
  28  8:08  Marine x4  
  32  8:40  SCV x2  
  34  8:42  Marine x3  
  37  8:52  SCV  
  37  8:53  SCV  
  39  9:00  Siege Tank  
  42  9:06  Marine  
  43  9:19  Marine x2  
  45  9:37  Siege Tank  
  48  9:47  Marine x2  
  50  9:59  Marine x2  
  52  10:05  Marine  
  52  10:16  Marine  
  52  10:17  Marine x2  
  55  10:28  Marine  
  53  10:34  Marine  
  55  10:39  Marine  
  55  10:40  Marine  
  56  10:56  Marine  
  56  10:57  Marine x2  
  39  11:10  Marine  
  40  11:14  Marine  
Show
View Real Time Build Order
Export as new Build Order

Nuks Terran - Winner!

Build Orders: Cyclone Opening, Reaper Expand, Mech 

Get SALT Encoding   

  12  0:00  SCV  
  13  0:12  SCV  
  14  0:17  Supply Depot  
  14  0:24  SCV  
  14  0:27  Refinery  
  15  0:38  SCV  
  16  0:46  Barracks  
  16  0:50  SCV  
  17  1:02  SCV  
  18  1:14  SCV  
  19  1:33  Orbital Command, Reaper  
  20  1:44  Command Center  
  20  1:55  Factory  
  20  1:59  SCV  
  21  2:04  Refinery  
  21  2:09  Reaper  
  21  2:12  SCV  
  23  2:19  Supply Depot  
  23  2:41  Cyclone, SCV  
  26  2:53  SCV, Barracks Reactor  
  26  2:56  Orbital Command  
  27  3:05  SCV  
  28  3:13  Starport  
  28  3:17  SCV  
  29  3:22  SCV  
  30  3:28  Supply Depot  
  30  3:29  SCV  
  31  3:34  SCV  
  31  3:36  Cyclone  
  31  3:39  Cyclone  
  31  3:40  Refinery  
  38  3:41  SCV  
  38  3:46  SCV  
  40  3:53  SCV  
  41  3:58  Viking, SCV  
  44  4:05  SCV  
  44  4:06  Supply Depot  
  45  4:11  SCV  
  45  4:13  Cyclone, Refinery  
  45  4:14  Hellion  
  51  4:17  SCV  
  51  4:23  SCV  
  53  4:30  SCV  
  47  4:43  SCV x2  
  48  4:47  Cyclone  
  48  4:48  Cyclone  
  54  4:53  Liberator  
  54  4:55  SCV x2  
  54  4:58  Armory  
  56  5:06  Supply Depot  
  56  5:07  SCV x2, Supply Depot  
  61  5:19  SCV  
  62  5:27  SCV  
  62  5:28  Hellion x2  
  67  5:31  SCV  
  68  5:36  Barracks Tech Lab  
  68  5:40  SCV  
  68  5:42  Factory  
  67  5:43  SCV  
  65  5:52  SCV  
  65  5:55  SCV  
  64  6:03  Cyclone x2  
  64  6:04  SCV  
  71  6:06  Terran Vehicle Weapons Level 1  
  71  6:07  SCV  
  72  6:16  SCV  
  73  6:19  SCV  
  71  6:28  SCV  
  71  6:31  SCV  
  73  6:37  Cyclone, Factory Tech Lab  
  73  6:39  Command Center  
  76  6:40  SCV  
  76  6:41  Supply Depot  
  76  6:42  Supply Depot  
  76  6:43  Supply Depot  
  76  6:47  Cyclone  
  71  6:57  SCV x2  
  71  7:06  Starport Reactor  
  71  7:09  Cyclone  
  71  7:14  Factory  
  71  7:15  Factory  
  74  7:17  SCV x2  
  74  7:19  Cyclone  
  79  7:26  Siege Tank  
  82  7:31  SCV x2  
  84  7:41  Hellion  
  84  7:42  Supply Depot  
  84  7:43  Supply Depot  
  88  7:51  Hellion  
  88  7:56  Medivac x2  
  88  7:58  Factory Tech Lab  
  92  7:59  Siege Tank  
  92  8:01  Siege Tank, Factory Reactor  
  92  8:03  Hellion  
  92  8:04  SCV x2  
  102  8:07  Supply Depot  
  102  8:08  Supply Depot  
  102  8:10  Orbital Command, Refinery  
  104  8:12  Hellion  
  104  8:15  Refinery  
  104  8:18  Terran Vehicle Weapons Level 2  
  104  8:21  SCV x2  
  104  8:24  Hellion  
  108  8:29  Viking x2  
  112  8:40  SCV x3  
  115  8:42  Command Center  
  115  8:46  Hellion x4  
  123  8:50  Siege Tank  
  123  8:53  Siege Tank  
  129  8:59  Viking  
  129  9:00  Viking  
  133  9:08  Supply Depot  
  133  9:09  Supply Depot  
  133  9:10  Supply Depot  
  133  9:13  Supply Depot  
  133  9:14  Hellion  
  133  9:15  Hellion  
  137  9:17  Liberator  
  137  9:20  Cyclone  
  137  9:21  Cyclone  
  137  9:23  Liberator  
  143  9:27  Siege Tank  
  143  9:28  Siege Tank  
  152  9:41  Hellion  
  152  9:43  Hellion  
  159  9:52  Hellion  
  161  9:54  Hellion  
  161  9:55  Supply Depot  
  163  10:03  Siege Tank, Engineering Bay  
  163  10:04  Siege Tank  
  163  10:05  Hellion x2  
  163  10:06  Supply Depot  
  173  10:10  Supply Depot  
  160  10:51  SCV  
  160  10:52  SCV  
  153  11:01  Command Center  
  153  11:04  SCV x2  
  155  11:15  Barracks  
Tags
 
Add a new tag
Caveats
  • Supply blocks, unpowered buildings, or Contaminate may cause inaccurate times.
  • Supply counts are checked every 10 seconds.